[Event "Late-Titled-Tuesday-Blitz-March-12-2024"]
[Site "Chess.com"]
[Date "2024.03.12"]
[Round "7"]
[White "vi_pranav"]
[Black "Zohid6"]
[Result "1-0"]
[WhiteElo "3044"]
[BlackElo "2891"]
[TimeControl "180+1"]
[EndTime "15:19:10 PDT"]
[Termination "vi_pranav won by resignation"]

1. e4 e5 2. Nc3 Nf6 3. Bc4 Nxe4 4.
Qh5 Nd6 5. Qxe5+ Qe7 6. Qxe7+ Bxe7 7. Be2 Nf5 8. Nf3 Nc6 9. Nd5 Bd8 10. c3 Nfe7 11.
Nf4 O-O 12. d4 d6 13. O-O Ng6 14. h3 Re8 15. Bd3 Bd7 16. Bd2 Nce7 17. Rfe1 c6 18. Nh5 Bc7 19. a4 a5 20. Kf1 h6 21. Re2 Bf5 22.
Bxf5 Nxf5 23. g4 Nfh4 24. Nxh4 Nxh4 25. Bf4 Rxe2 26. Kxe2 Re8+ 27. Kd3 Bb8 28. c4 Nf3 29. Bxh6 gxh6 30. Nf6+ Kf8 31. Nxe8 Kxe8 32. Ke3 Nh4 33. Ra3 Kd7 34. Rb3 Kc8 35. Ke4 Bc7 36. f4 Ng6 37. f5 Nf8 38. h4 Nh7 39. Kf3 Bd8 40. Kg3 Bf6 41. Rd3 Nf8 42. b3 Kd7 43. Rd1 Nh7 44. d5 c5 45. Rh1 Be5+ 46. Kf3 Bf6 47. Kg3 Ke7 48. Re1+ Kf8 49. Re2 Be5+ 50. Kf3 Kg7 51. Re1 f6 52. Rg1 Nf8 53. g5 hxg5 54. hxg5 fxg5 55.
Rxg5+ Kf6 56. Rh5 Kg7 57. Rg5+ Kf6 58. Kg4 Kf7 59. Rh5 Bf6 60. Rh1 Nd7 61. Rh7+ Bg7 62. Rh1 Nf6+ 63. Kg5 Ne4+ 64. Kf4 Nf6 65. Kg5 Ne4+ 66.
Kf4 Nf6 67. Re1 Nd7 68. Re6 Be5+ 69. Kg5 Nf8 70. Rh6 Bg7 71. Rxd6 Be5 72. Rb6 Nd7 73. Rxb7 Ke7 74. Kg6 Kd6 75. Kf7 Bc3 76. Ra7 Ne5+ 77. Ke8 Ng4 78. Ra6+ Ke5 79. d6 Nf6+ 80. Kd8 Kxf5 81. d7 Nxd7 82. Kxd7 Ke4 83. Kc6 Bb4 84. Kb5 Kd3 85. Rxa5 Kc3 86. Ra6 Kxb3 87. Rc6 1-0

[Event "Late-Titled-Tuesday-Blitz-March-12-2024"]
[Site "Chess.com"]
[Date "2024.03.12"]
[Round "7"]
[White "DavidGavrilescu18"]
[Black "vugarrasulov"]
[Result "1/2-1/2"]
[WhiteElo "2773"]
[BlackElo "2937"]
[TimeControl "180+1"]
[EndTime "15:19:21 PDT"]
[Termination "Game drawn by repetition"]

1. e4 e5 2. Bc4 Nf6 3. Nc3 Nxe4 4. Qh5 Nd6 5. Bb3 Nc6 6. Nb5 g6 7. Qf3 f5 8. Qd5 Qe7 9. Nxc7+ Kd8 10. Nxa8 b6 11.
d3 Bb7 12. Nxb6 axb6 13. Qf3 Nd4 14. Qh3 g5 15. c3 g4 16. Qh5 Ne6 17. f3 Kc7 18.
Ne2 Rg8 19. Bd2 gxf3 20. gxf3 Rg2 21. Qh3 Rg6 22. O-O-O Nc5 23. d4 Nd3+ 24. Kb1 Nf2 25. Qf1 Nxh1 26. Qxh1 e4 27. Nf4 exf3 28. Nxg6 hxg6 29.
Qe1 Qe4+ 30. Kc1 Qxe1 31. Rxe1 Ne4 32. Rf1 g5 33. Bc2 g4 34. Bf4+ Kc8 35. Bd3 Be7 36.
Bxe4 fxe4 37. Kd2 Ba6 38. c4 Bxc4 39. Rc1 d5 40. b3 Ba3 41. Rd1 Bd3 42. Ke3 Kd7 43.
Rg1 Ke6 44. Rxg4 Bc1+ 45. Kf2 Kf5 46. Bxc1 Kxg4 47. Be3 b5 48. a3 Kf5 49. b4 Kg4 50. Bd2 Kh3 51. Bf4 Bc2 52. Bg3 Bd3 53. Be5 Kg4 54. Bg3 Bc4 55. Be5 Bb3 56. Bg3 Bc2 57. Ke3 Bd1 58. Kf2 Be2 59. Ke3 Bf1 60. Kf2 Bh3 61.
Be5 Kf5 62. Bg3 Bg4 63. Ke3 Bh5 64. Kf2 Kg4 65. Be5 Bg6 66. Bg3 Bf7 67. Ke3 Kh3 68.
Kf2 Bg6 69. Bf4 Bh5 70. Bg3 e3+ 71. Kxe3 Kg2 72. Bf2 Kxh2 73. Be1 Kg2 74. Bf2 Bg4 75. Be1 Bf5 76. Bh4 Be4 77. Bf2 Kh3 78. Be1 Kg4 79. Bf2 Bc2 80. Be1 Bb3 81. Bf2 Bc4 82. Be1 Be2 83.
Bf2 Kh3 84. Be1 Kg2 85. Bf2 Bc4 86. Be1 f2 87. Bxf2 Kh3 88. Be1 Kg4 89. Bf2 Kf5 90. Be1 Kg4 91. Bf2 Kf5 92. Kf3 Bd3 93. Bg3 Be4+ 94. Ke3 Bc2 95. Bd6 Ba4 96. Kf3 Bd1+ 97. Kg3 Ba4 98. Kh4 Ke6 99. Be5 Kf5 100. Kh5 Ke4 101. Kg5 Kd3 102. Kf6 Kc3 103. Ke6 Bb3 104. Kd6 Kb2 105. Kc5 Bc4 106. Bd6 Kxa3 107. Bc7 Kb3 108. Bb6 Kc3 109. Ba5 Kd3 110. Bb6 Ke4 111. Ba5 Kf5 112. Bb6 Ke6 113. Ba5 Kd7 114. Bb6 Kc8 115. Ba5 Kb7 116. Bb6 Ka6 117. Ba5 Kb7 118. Bb6 Kc8 119. Ba5 Kd7 120. Bb6 Ke6 121. Ba5 Kf5 122. Bb6 Ke4 123. Ba5 Kd3 124.
Bb6 Kc2 125. Ba5 Kb3 126. Bb6 Ka4 127. Ba5 Kb3 128. Bb6 1/2-1/2

[Event "Late-Titled-Tuesday-Blitz-March-12-2024"]
[Site "Chess.com"]
[Date "2024.03.12"]
[Round "7"]
[White "Mikhail_Bryakin"]
[Black "ExtremeLearner"]
[Result "1/2-1/2"]
[WhiteElo "2742"]
[BlackElo "2582"]
[TimeControl "180+1"]
[EndTime "15:19:22 PDT"]
[Termination "Game drawn by stalemate"]

1. e4 c6 2. e5 g6 3. d4 Bg7 4. f4 Nh6 5. Nf3 d5 6. Be2 Bg4 7. Nc3 Nf5 8. Ng1 h5 9. g3 Qb6 10. Bxg4 hxg4 11. Nge2 e6 12. Na4 Qa5+ 13. c3 Nd7 14.
Kf2 b5 15. Nc5 Nxc5 16. dxc5 b4 17. cxb4 Qxb4 18. Qc2 Bf8 19. Bd2 Qxc5+ 20. Qxc5 Bxc5+ 21. Kg2 Be3 22. Be1 Kd7 23. h3 Bb6 24. Bd2 gxh3+ 25.
Rxh3 Rxh3 26. Kxh3 Rh8+ 27. Kg2 Be3 28. Be1 g5 29. g4 Nh6 30. fxg5 Bxg5 31. Kf3 f6 32.
Bg3 Rf8 33. exf6 Rxf6+ 34. Kg2 Nxg4 35. b4 Ne3+ 36. Kg1 Nc4 37. a4 e5 38. Rd1 Ke6 39. b5 Be3+ 40. Kh1 Rh6+ 41. Kg2 Bb6 42. Rc1 Ne3+ 43. Kf2 Ng4+ 44. Kg2 Ne3+ 45. Kf2 Nf5+ 46. Kg2 Nxg3 47. Kxg3 c5 48. a5 Rg6+ 49. Kf3 Bxa5 50. Rxc5 Bb6 51. Rc6+ Kf5 52. Ng3+ Kg5 53. Rc8 Rf6+ 54.
Ke2 Rf2+ 55. Kd1 Kf4 56. Ne2+ Ke3 57. Rc3+ Ke4 58. Rh3 d4 59. Rh4+ Kd5 60. Rh8 Ba5 61. Rh7 Rf1+ 62. Kc2 Rf2 63. Kd1 d3 64. Rd7+ Kc4 65.
Ng3 Rd2+ 66. Kc1 Rc2+ 67. Kb1 Rg2 68. Ne4 Kxb5 69. Rxd3 Re2 70. Nd6+ Kc6 71. Nc4 Bc7 72. Rc3 Kb7 73. Rb3+ Kc8 74. Rh3 Re4 75. Nb2 Rb4 76. Kc2 Rb6 77. Nc4 Rc6 78. Kb3 Kb7 79. Rh7 Ra6 80. Re7 Kc8 81. Nxe5 Bxe5 82. Rxe5 Rb6+ 83. Ka4 Kb7 84. Re7+ Ka6 85. Re4 Rh6 86. Rd4 Kb6 87. Re4 a6 88. Rf4 Rc6 89. Rg4 Rd6 90. Rh4 Rc6 91.
Rg4 Rc1 92. Rg6+ Rc6 93. Rxc6+ Kxc6 94. Ka5 Kb7 95. Ka4 Ka7 96. Ka5 Kb7 97. Ka4 Kb6 98. Kb4 a5+ 99. Ka4 Ka6 100. Ka3 Kb5 101. Kb3 a4+ 102. Ka3 Ka5 103. Ka2 Kb4 104. Kb2 a3+ 105. Ka2 Ka4 106. Ka1 Kb3 107. Kb1 a2+ 108. Ka1 Ka3 1/2-1/2

[Event "Late-Titled-Tuesday-Blitz-March-12-2024"]
[Site "Chess.com"]
[Date "2024.03.12"]
[Round "8"]
[White "MathiasWomacka"]
[Black "PNEPaul"]
[Result "1-0"]
[WhiteElo "2535"]
[BlackElo "1954"]
[TimeControl "180+1"]
[EndTime "15:21:06 PDT"]
[Termination "MathiasWomacka won by resignation"]

1. e4 e5 2. Nf3 Nc6 3. Bb5 f5 4. d3 Nf6 5. O-O Be7 6. exf5 O-O 7. Bxc6 dxc6 8. Nxe5 Bxf5 9. Bf4 Bd6 10. Nd2 Nh5 11. Qxh5 Bg6 12. Qg4 1-0

[Event "Late-Titled-Tuesday-Blitz-March-12-2024"]
[Site "Chess.com"]
[Date "2024.03.12"]
[Round "8"]
[White "Payyappat"]
[Black "SharathRk6"]
[Result "0-1"]
[WhiteElo "2544"]
[BlackElo "2402"]
[TimeControl "180+1"]
[EndTime "15:22:39 PDT"]
[Termination "SharathRk6 won by resignation"]

1. e4 e5 2. Nf3 Nc6 3. Bc4 Bc5 4. c3 Nf6 5. d4 exd4 6. e5 d5 7. Bb5 Ne4 8. cxd4 Bb6 9. Nc3 Bg4 10. Be3 O-O 11. h3 Bh5 12. Qc2 Nxc3 13. bxc3 f6 14.
Bxc6 bxc6 15. g4 Bg6 16. Qe2 Be4 17. Rg1 Bxf3 18. Qxf3 fxe5 19. Qg3 exd4 20. cxd4 Qf6 21.
O-O-O Rae8 22. Rd2 Qe7 23. Rc2 Qa3+ 24. Kb1 Ba5 25.
Bd2 Rb8+ 26. Ka1 Rf3 27. Qe5 Bxd2 0-1

[Event "Late-Titled-Tuesday-Blitz-March-12-2024"]
[Site "Chess.com"]
[Date "2024.03.12"]
[Round "8"]
[White "ExchangeAB"]
[Black "simaopdias"]
[Result "1-0"]
[WhiteElo "2498"]
[BlackElo "2274"]
[TimeControl "180+1"]
[EndTime "15:22:39 PDT"]
[Termination "ExchangeAB won by resignation"]

1. d4 d5 2. Nf3 Nf6 3. e3 e6 4. Nbd2 Be7 5. Bd3 O-O 6. c3 b6 7.
O-O Ba6 8. Bxa6 Nxa6 9. Qe2 Qc8 10. e4 dxe4 11. Nxe4 Nxe4 12. Qxe4 h6 13. Bf4 Bd6 14.
Rae1 Bxf4 15. Qxf4 c5 16. Re5 cxd4 17. Nxd4 Nc5 18.
Rh5 Nd7 19. Qg3 Kh7 20. Nf3 Nf6 21. Ng5+ Kg8 22. Rxh6 gxh6 23. Nxe6+ 1-0

[Event "Late-Titled-Tuesday-Blitz-March-12-2024"]
[Site "Chess.com"]
[Date "2024.03.12"]
[Round "8"]
[White "jcmesafischer"]
[Black "cristiano78"]
[Result "1-0"]
[WhiteElo "2365"]
[BlackElo "2246"]
[TimeControl "180+1"]
[EndTime "15:22:59 PDT"]
[Termination "jcmesafischer won by checkmate"]

1. e4 c5 2. Nf3 d6 3. d4 cxd4 4.
Nxd4 Nf6 5. Nc3 a6 6. Bg5 e6 7. f4 Be7 8. Qf3 h6 9. Bh4 g5 10. fxg5 Nfd7 11. Nxe6 fxe6 12. Qh5+ Kf8 13. Bb5 Bxg5 14.
Rf1+ Bf6 15. Bxd7 Nxd7 16. e5 dxe5 17. O-O-O Kg7 18. Ne4 Bxh4 19. Qf7# 1-0

[Event "Late-Titled-Tuesday-Blitz-March-12-2024"]
[Site "Chess.com"]
[Date "2024.03.12"]
[Round "8"]
[White "ExtremeLearner"]
[Black "oskariot"]
[Result "0-1"]
[WhiteElo "2578"]
[BlackElo "2770"]
[TimeControl "180+1"]
[EndTime "15:23:09 PDT"]
[Termination "oskariot won by resignation"]

1. d4 Nf6 2. c4 c5 3. Nf3 cxd4 4. Nxd4 Nc6 5. Nc3 g6 6. g3 d6 7. Bg2 Bd7 8. O-O Bg7 9. Nxc6 bxc6 10. e4 Qc8 11. Re1 Bg4 12. Qa4 Nd7 13. Be3 O-O 14.
Rac1 Ne5 15. Rc2 Nf3+ 16. Bxf3 Bxf3 17. Ne2 e5 18. g4 Qxg4+ 19. Ng3 Qh3 0-1

[Event "Late-Titled-Tuesday-Blitz-March-12-2024"]
[Site "Chess.com"]
[Date "2024.03.12"]
[Round "8"]
[White "JaackCamel"]
[Black "muchojogo"]
[Result "0-1"]
[WhiteElo "2199"]
[BlackElo "2542"]
[TimeControl "180+1"]
[EndTime "15:23:14 PDT"]
[Termination "muchojogo won by resignation"]

1. d4 Nf6 2. c4 g6 3. Nc3 Bg7 4.
e4 O-O 5. Nf3 d6 6. Be2 e5 7.
Be3 exd4 8. Nxd4 Re8 9. f3 c6 10. Bf2 Na6 11. O-O Nc5 12. b4 Ne6 13. Rc1 Nh5 14. Qd2 Nxd4 15. Bxd4 Nf4 16. Bxg7 Qg5 17. Qxf4 Qxf4 18. Bd4 Be6 19. a3 h5 20. g3 Qh6 21.
Nd1 Qxc1 0-1

[Event "Late-Titled-Tuesday-Blitz-March-12-2024"]
[Site "Chess.com"]
[Date "2024.03.12"]
[Round "8"]
[White "AlexeiShirov"]
[Black "GotCheeseCheckers"]
[Result "1-0"]
[WhiteElo "2873"]
[BlackElo "2507"]
[TimeControl "180+1"]
[EndTime "15:23:15 PDT"]
[Termination "AlexeiShirov won by resignation"]

1. e4 e5 2. Nf3 Nc6 3. Bc4 Nf6 4. Ng5 d5 5. exd5 Na5 6. Bb5+ c6 7. dxc6 bxc6 8. Bd3 Nd5 9. Nf3 Nf4 10. Bf1 Bc5 11.
d4 Bb6 12. Nxe5 Bxd4 13. Bxf4 Bxb2 14. Qxd8+ Kxd8 15. Nxf7+ Ke7 16. Nxh8 Be6 17. Bg5+ Kd7 18. Bd2 Bxa1 19. Bxa5 Bxa2 20. Bc3 Re8+ 21. Kd2 Bxb1 22. Bxa1 Rxh8 1-0

[Event "Late-Titled-Tuesday-Blitz-March-12-2024"]
[Site "Chess.com"]
[Date "2024.03.12"]
[Round "8"]
[White "DenLaz"]
[Black "BardArtem"]
[Result "1-0"]
[WhiteElo "3061"]
[BlackElo "2775"]
[TimeControl "180+1"]
[EndTime "15:23:43 PDT"]
[Termination "DenLaz won by resignation"]

1. d4 Nf6 2. c4 b6 3. f3 Bb7 4.
e4 e6 5. Nc3 Bb4 6. Bd3 d5 7.
cxd5 O-O 8. dxe6 Nc6 9. Ne2 fxe6 10. Bc4 Kh8 11. O-O e5 12. d5 Ne7 13. Be3 Ng6 14. Rc1 Nh5 15. a3 Bd6 16. Qd2 a6 17. Ba2 Nhf4 18.
Nxf4 Nxf4 19. Ne2 Ng6 20. Ng3 Nh4 21. Bg5 Be7 22. Bxe7 Qxe7 23. Rc3 Rf7 24. d6 1-0

[Event "Late-Titled-Tuesday-Blitz-March-12-2024"]
[Site "Chess.com"]
[Date "2024.03.12"]
[Round "8"]
[White "Yushko_Olga"]
[Black "The_Straightforward_Rook"]
[Result "0-1"]
[WhiteElo "2201"]
[BlackElo "2462"]
[TimeControl "180+1"]
[EndTime "15:23:43 PDT"]
[Termination "The_Straightforward_Rook won by resignation"]

1. d4 Nf6 2. c4 c5 3. d5 b5 4.
cxb5 a6 5. b6 e6 6. Nc3 Nxd5 7.
Nxd5 exd5 8. Qxd5 Nc6 9. Nf3 Rb8 10. Bg5 Be7 11. Bxe7 Qxe7 12. e3 Rxb6 13. Bc4 Nb4 14.
Qd2 d5 15. Bxd5 Rd6 16. Qc3 Nxd5 17. Qxg7 Qf6 18. Qg3 Kf8 19. O-O Rg8 20. Qe5 Qxe5 21. Nxe5 Bb7 22. Rac1 Nxe3 23. fxe3 Rxg2+ 24. Kh1 Rg3+ 25. Nf3 Bxf3+ 26. Rxf3 Rxf3 27. Rxc5 Rxe3 0-1

[Event "Late-Titled-Tuesday-Blitz-March-12-2024"]
[Site "Chess.com"]
[Date "2024.03.12"]
[Round "8"]
[White "Synctel"]
[Black "OverallStranger"]
[Result "0-1"]
[WhiteElo "1926"]
[BlackElo "2384"]
[TimeControl "180+1"]
[EndTime "15:23:44 PDT"]
[Termination "OverallStranger won by resignation"]

1. d4 Nf6 2. Nf3 g6 3. Bf4 Bg7 4. e3 O-O 5. Be2 d6 6. h3 Nc6 7. O-O e5 8. dxe5 Ne4 9. c3 dxe5 10. Bh2 Nd6 11. Nbd2 f5 12. Nc4 Qe7 13. Ncxe5 Nxe5 14. Nxe5 Bxe5 15. Qd5+ Nf7 16. Bc4 Bxh2+ 17. Kxh2 Kg7 18.
Rae1 Qe5+ 19. Qxe5+ Nxe5 20. Be2 Be6 21. b3 a5 22. f4 Nd7 23. Bf3 c6 24. Rd1 Nf6 25.
Rd6 Kf7 26. Rfd1 Ke7 27. c4 Rad8 28. c5 Nd5 29. Rxd8 Rxd8 30. Rd3 Nb4 0-1

[Event "Late-Titled-Tuesday-Blitz-March-12-2024"]
[Site "Chess.com"]
[Date "2024.03.12"]
[Round "8"]
[White "only_strong_moves"]
[Black "nindjaxx8"]
[Result "1-0"]
[WhiteElo "2566"]
[BlackElo "2675"]
[TimeControl "180+1"]
[EndTime "15:23:46 PDT"]
[Termination "only_strong_moves won by resignation"]

1. Nc3 d5 2. e4 dxe4 3. Nxe4 Nf6 4. Nxf6+ exf6 5. d4 Bd6 6. c3 O-O 7. Bd3 Nc6 8. Qc2 h6 9. Ne2 Re8 10. Be3 a5 11.
O-O Be6 12. Rad1 a4 13. Qb1 Ne7 14. c4 c6 15. Nf4 Qd7 16. Rfe1 Bf5 17. Nh5 Bxd3 18.
Qxd3 Ng6 19. h3 Qg4 20. hxg4 1-0

[Event "Late-Titled-Tuesday-Blitz-March-12-2024"]
[Site "Chess.com"]
[Date "2024.03.12"]
[Round "8"]
[White "ChainedDowntohell"]
[Black "IPAchess"]
[Result "1-0"]
[WhiteElo "2542"]
[BlackElo "2358"]
[TimeControl "180+1"]
[EndTime "15:23:54 PDT"]
[Termination "ChainedDowntohell won by resignation"]

1. d4 d5 2. Nf3 Nf6 3. Bf4 e6 4. e3 Bd6 5. Nbd2 O-O 6. Bd3 c5 7. c3 Qc7 8. Bg5 Nbd7 9. Qa4 h6 10. Bh4 a6 11. O-O b5 12. Qc2 Bb7 13. Rfe1 Ne4 14. Nxe4 dxe4 15. Bxe4 cxd4 16. cxd4 Bxe4 17. Qxe4 Rac8 18.
Bg3 Bxg3 19. hxg3 Qc2 20. Qxc2 Rxc2 21. Rab1 Rfc8 22. Red1 Nf6 23. Ne1 R2c4 24. Kf1 b4 25. Ke2 a5 26. f3 Kf8 27. Kd2 Ke7 28. Rbc1 g5 29. g4 h5 30. gxh5 Nxh5 31. Nd3 Rxc1 32.
Rxc1 Rg8 33. g4 Ng3 34. Rg1 1-0

[Event "Late-Titled-Tuesday-Blitz-March-12-2024"]
[Site "Chess.com"]
[Date "2024.03.12"]
[Round "8"]
[White "Bryanl106"]
[Black "GMKrikor"]
[Result "1/2-1/2"]
[WhiteElo "2679"]
[BlackElo "2883"]
[TimeControl "180+1"]
[EndTime "15:24:02 PDT"]
[Termination "Game drawn by repetition"]

1. e4 c5 2. Nf3 Nc6 3. d4 cxd4 4. Nxd4 Nf6 5. Nc3 e5 6. Ndb5 d6 7. Bg5 a6 8. Na3 b5 9. Nd5 Be7 10. Bxf6 Bxf6 11. c3 Bg5 12. Nc2 Rb8 13. a4 bxa4 14. Ncb4 Nxb4 15. cxb4 Bd7 16. Bxa6 O-O 17. O-O Kh8 18.
Rxa4 Bxa4 19. Qxa4 f5 20. exf5 Rxf5 21. Qc2 Rf8 22. b5 Qd7 23. b4 Qf7 24. Qc6 e4 25. b6 Qe6 26. g3 e3 27. f4 Bf6 28. b7 e2 29. Re1 Bd4+ 30. Kg2 Qe4+ 31. Kh3 Qe6+ 32.
Kg2 Qe4+ 33. Kh3 Qe6+ 34. Kg2 1/2-1/2

[Event "Late-Titled-Tuesday-Blitz-March-12-2024"]
[Site "Chess.com"]
[Date "2024.03.12"]
[Round "8"]
[White "carloseduar100"]
[Black "SamuraisOfChess"]
[Result "0-1"]
[WhiteElo "2335"]
[BlackElo "2574"]
[TimeControl "180+1"]
[EndTime "15:24:04 PDT"]
[Termination "SamuraisOfChess won by resignation"]

1. e4 Nf6 2. e5 Nd5 3. c4 Nb6 4. c5 Nd5 5. Nc3 e6 6. Bc4 Nxc3 7. dxc3 Bxc5 8. Qg4 Bf8 9. Nf3 d5 10. exd6 cxd6 11. Bg5 Qc7 12. O-O-O Nc6 13. h4 Bd7 14. h5 Ne7 15. Bf4 e5 16. Bxf7+ Kxf7 17. Ng5+ Ke8 18. Ne6 Qc4 19. Rxd6 Bxe6 20. Qxe6 Qxf4+ 21. Kb1 Qf5+ 22. Qxf5 Nxf5 23. Re6+ Kf7 24. Rxe5 Kf6 25. Rhe1 Nd6 26. f4 Kf7 27. g4 Re8 28. Kc2 Rxe5 29. Rxe5 Be7 30. b4 Rc8 31. Kb3 Bf6 32. Re3 Nb5 33. c4 Nd4+ 34. Ka4 Rxc4 35. a3 b5+ 36. Ka5 Rc6 0-1

[Event "Late-Titled-Tuesday-Blitz-March-12-2024"]
[Site "Chess.com"]
[Date "2024.03.12"]
[Round "8"]
[White "AlexPapasimakopoulos"]
[Black "rdarruda"]
[Result "1-0"]
[WhiteElo "2693"]
[BlackElo "2553"]
[TimeControl "180+1"]
[EndTime "15:24:07 PDT"]
[Termination "AlexPapasimakopoulos won by resignation"]

1. d4 Nf6 2. c4 e5 3. dxe5 Ne4 4. a3 Nc6 5. Nf3 d6 6. Qc2 d5 7. cxd5 Qxd5 8. Nc3 Nxc3 9. Qxc3 Bg4 10. Bf4 O-O-O 11.
h3 Be6 12. e3 h6 13. Be2 g5 14. Bg3 Bg7 15. Rd1 Qb3 16. Qxb3 Bxb3 17. Rxd8+ Rxd8 18. Nd2 Bd5 19. Bc4 Nxe5 20. Bxd5 Rxd5 21. Bxe5 Bxe5 22. Nc4 Rc5 23. Nxe5 Rc1+ 24. Ke2 Rxh1 25. Nxf7 Rb1 26. b4 Rb3 27. Nxh6 Rxa3 28. Nf7 a5 29. bxa5 Rxa5 30. g4 Rc5 31. f4 gxf4 32. exf4 Kd7 33. h4 Ke7 34. Ne5 b5 35. h5 b4 36. h6 Kf8 37.
Nd7+ Kg8 38. Nxc5 1-0

[Event "Late-Titled-Tuesday-Blitz-March-12-2024"]
[Site "Chess.com"]
[Date "2024.03.12"]
[Round "8"]
[White "AlejandroArias"]
[Black "expii"]
[Result "1-0"]
[WhiteElo "2371"]
[BlackElo "2185"]
[TimeControl "180+1"]
[EndTime "15:24:11 PDT"]
[Termination "AlejandroArias won by checkmate"]

1. e4 c5 2. Nf3 d6 3. d4 cxd4 4. Nxd4 Nf6 5. Nc3 g6 6. Be3 Bg7 7. Qd2 O-O 8. f3 Nc6 9. Bc4 Ne5 10. Bb3 Bd7 11. O-O-O Rc8 12. Kb1 a6 13. Bh6 b5 14.
h4 a5 15. Ndxb5 Bxb5 16. Nxb5 Rb8 17. a4 Rxb5 18. axb5 Qb6 19. h5 Qxb5 20. hxg6 Nxg6 21. Bxg7 Kxg7 22. Qh6+ Kg8 23. Rd5 Nxd5 24. Qxh7# 1-0

[Event "Late-Titled-Tuesday-Blitz-March-12-2024"]
[Site "Chess.com"]
[Date "2024.03.12"]
[Round "8"]
[White "GHANDEEVAM2003"]
[Black "SchmakAttack"]
[Result "0-1"]
[WhiteElo "3067"]
[BlackElo "2846"]
[TimeControl "180+1"]
[EndTime "15:24:15 PDT"]
[Termination "SchmakAttack won by resignation"]

1. a3 a6 2. Nf3 g6 3. d4 Bg7 4. e4 d6 5. Bc4 Nf6 6. Qe2 O-O 7. e5 dxe5 8. dxe5 Nd5 9. h3 b5 10. Ba2 Bb7 11. O-O c5 12. c4 bxc4 13. Bxc4 Qc7 14. Rd1 Nb6 15. Ba2 Nc6 16. e6 f5 17. Be3 Ne5 18.
Bf4 Nxf3+ 19. Qxf3 Bxf3 20. Bxc7 Bxd1 21. Bxb6 Bxb2 22.
Nc3 Bxa1 23. Nxd1 Bd4 24. Ne3 Bxe3 25. fxe3 Rfc8 26. Bc4 a5 27. a4 Rc6 28. Bd5 Rxb6 29. Bxa8 Kg7 30. Kf2 Rxe6 31. Ke2 Rd6 32. e4 Kf6 33.
Ke3 Ke5 0-1

[Event "Late-Titled-Tuesday-Blitz-March-12-2024"]
[Site "Chess.com"]
[Date "2024.03.12"]
[Round "8"]
[White "Moultino06"]
[Black "Rud_Makarian"]
[Result "0-1"]
[WhiteElo "2817"]
[BlackElo "3043"]
[TimeControl "180+1"]
[EndTime "15:24:21 PDT"]
[Termination "Rud_Makarian won by resignation"]

1. e4 c5 2. Nf3 e6 3. c3 d5 4. e5 d4 5. g3 Nc6 6. d3 dxc3 7. bxc3 b6 8. Bg2 Qd7 9. O-O Ba6 10. Qa4 Bb7 11. Na3 Nge7 12. Nc4 Nd5 13. Qc2 Be7 14. h4 h6 15. Nfd2 Rd8 16. Ne4 O-O 17. Ned6 Bxd6 18. Nxd6 Nxe5 19. Nxb7 Qxb7 20. c4 Nb4 21. Qc3 Qc7 22. Bf4 Nbxd3 23. Be3 Ng4 24.
Bd2 Qe5 25. Qa3 Ndxf2 26. Bf4 Qd4 0-1

[Event "Late-Titled-Tuesday-Blitz-March-12-2024"]
[Site "Chess.com"]
[Date "2024.03.12"]
[Round "8"]
[White "RantomOpening"]
[Black "baki83"]
[Result "0-1"]
[WhiteElo "2581"]
[BlackElo "2834"]
[TimeControl "180+1"]
[EndTime "15:24:46 PDT"]
[Termination "baki83 won by resignation"]

1. e4 c5 2. c3 e5 3. Nf3 Nc6 4. d4 cxd4 5. cxd4 exd4 6. Nxd4 Nf6 7. Nxc6 bxc6 8. Nc3 Bb4 9. Bd3 O-O 10. O-O Re8 11. Re1 d6 12. Bd2 h6 13. Qc2 Ng4 14. a3 Bc5 15. Rf1 Qh4 16. Bf4 Nxf2 17. g3 Nxd3+ 18. Kh1 Qh5 19. Qxd3 Bh3 20. Rfe1 Bg4 21. Rf1 Rad8 22.
Rae1 Bh3 23. Rf3 d5 24. e5 Bf5 25. Qd2 Qxf3+ 0-1

[Event "Late-Titled-Tuesday-Blitz-March-12-2024"]
[Site "Chess.com"]
[Date "2024.03.12"]
[Round "8"]
[White "PapaieDudu"]
[Black "Viktor_Poddubnyi"]
[Result "0-1"]
[WhiteElo "2412"]
[BlackElo "2288"]
[TimeControl "180+1"]
[EndTime "15:24:47 PDT"]
[Termination "Viktor_Poddubnyi won by resignation"]

1. Nf3 g6 2. d4 Bg7 3. c4 d6 4. Nc3 Nc6 5. e3 Nf6 6. Be2 O-O 7. O-O Nd7 8. d5 Nce5 9. Nd4 c5 10. dxc6 Nxc6 11. Nd5 e6 12. Nxc6 bxc6 13. Nb4 Qc7 14. Rb1 a5 15. Nc2 a4 16. b3 axb3 17. axb3 Nc5 18.
Nd4 Bd7 19. Bb2 Rfb8 20. Bc3 Rb7 21. Bf3 Rab8 22. b4 Na4 23. b5 Nxc3 24. Qd3 Nxb1 25. Rxb1 Rb6 26. h4 Bxd4 27. Qxd4 cxb5 28. Rc1 bxc4 29. h5 e5 30. Qh4 Rb1 31. Rxb1 Rxb1+ 32. Kh2 Rb8 33. Qf6 Qd8 34. Qxd6 gxh5 35. Kg1 Be6 36.
Qxe5 Rb1+ 37. Kh2 Qb8 38. Qxb8+ Rxb8 39. Bxh5 c3 40. Bd1 Bb3 41. Bxb3 Rxb3 0-1

[Event "Late-Titled-Tuesday-Blitz-March-12-2024"]
[Site "Chess.com"]
[Date "2024.03.12"]
[Round "8"]
[White "Practical-Play"]
[Black "ukchessbomber"]
[Result "1/2-1/2"]
[WhiteElo "2476"]
[BlackElo "2632"]
[TimeControl "180+1"]
[EndTime "15:24:49 PDT"]
[Termination "Game drawn by repetition"]

1. e4 a6 2. d4 b5 3. a4 b4 4.
Nf3 Bb7 5. Bd3 e6 6. O-O g6 7. c3 Bg7 8. cxb4 Nf6 9. Nc3 O-O 10. e5 Nd5 11. Bg5 f6 12. exf6 Bxf6 13. Bxf6 Qxf6 14. Ne5 d6 15. Ne4 Qg7 16. Nf3 Nxb4 17.
Bb1 Bd5 18. Re1 N8c6 19. Neg5 Rae8 20. Be4 Qf6 21. Rc1 h6 22. Nh3 Bxe4 23. Rxe4 Qf5 24. Qe2 g5 25. Re1 Nd5 26. Rxe6 Rxe6 27. Qxe6+ Qxe6 28.
Rxe6 g4 29. Rg6+ Kf7 30. Rxg4 Rb8 31. Nf4 Rxb2 32. h4 Nf6 33. Rg6 Nd5 34. Rg4 Nf6 35.
Rg6 Nd5 36. Rg4 1/2-1/2

[Event "Late-Titled-Tuesday-Blitz-March-12-2024"]
[Site "Chess.com"]
[Date "2024.03.12"]
[Round "8"]
[White "LikeWater"]
[Black "kleber2007"]
[Result "1-0"]
[WhiteElo "2690"]
[BlackElo "2544"]
[TimeControl "180+1"]
[EndTime "15:25:00 PDT"]
[Termination "LikeWater won by resignation"]

1. e4 e5 2. Nf3 Nf6 3. Nc3 Nc6 4. d4 exd4 5. Nd5 Nb4 6. Bc4 Nbxd5 7. exd5 Bb4+ 8. c3 dxc3 9. O-O O-O 10. Qd3 d6 11.
bxc3 Bc5 12. Bg5 Bg4 13. Nd4 Bh5 14. Rae1 Bg6 15. Qf3 Bxd4 16. cxd4 h6 17. Bh4 a6 18.
Re3 b5 19. Bb3 a5 20. a4 bxa4 21. Bxa4 Rb8 22. Bc6 Rb4 23. Ra3 Rxd4 24. Bxf6 Qxf6 25. Qxf6 gxf6 26. Rxa5 Rb8 27. Ra7 Be4 28. Rxc7 Bxd5 29.
Bxd5 Rxd5 30. g3 h5 31. h4 Rdb5 32. Rd7 R8b6 33. Rd1 Rb1 34. Rxd6 Rxd1+ 35. Rxd1 Kg7 36. Kg2 Kg6 37. Rd8 Rb3 38. Rg8+ Kh6 39. Ra8 Kg6 40. Ra5 Kh6 41. Ra4 Kg6 42. Rf4 Kh6 43. Rf3 Rxf3 44.
Kxf3 Kg6 45. Kf4 Kh6 46. Kf5 Kg7 47. f3 Kh6 48. Kxf6 Kh7 49. Kxf7 1-0

[Event "Late-Titled-Tuesday-Blitz-March-12-2024"]
[Site "Chess.com"]
[Date "2024.03.12"]
[Round "8"]
[White "KetiTsatsalashvili"]
[Black "Meri-Arabidze"]
[Result "0-1"]
[WhiteElo "2454"]
[BlackElo "2689"]
[TimeControl "180+1"]
[EndTime "15:25:07 PDT"]
[Termination "Meri-Arabidze won by resignation"]

1. d4 Nf6 2. Nf3 e6 3. e3 b6 4.
Bd3 Bb7 5. Nbd2 d5 6. O-O g6 7.
Ne5 Bg7 8. Qe2 O-O 9. f4 c5 10. c3 a5 11. g4 Ne4 12. Nxe4 dxe4 13. Bb5 cxd4 14. cxd4 f6 15. Nc4 Bd5 16. Bd2 Nc6 17.
a3 Na7 18. Ba6 Rb8 19. a4 Nc6 20. Rac1 Rf7 21. Na3 Bf8 22. Bc4 Nb4 23. Bxb4 axb4 24. Nb5 b3 25. Bxd5 exd5 26. f5 Rg7 27. fxg6 hxg6 28.
Rf5 gxf5 0-1